 Dungeon Crawl Stone Soup version 0.30-a0-134-gb40fab5c76 (webtiles) character file.

Game seed: 10002086761164003222

5301 Flugkiller the Destroyer (level 11, 89/89 HPs)
             Began as a Meteoran Ice Elementalist on Sept 19, 2022.
             Was a Follower of Nemelex Xobeh.
             Quit the game on level 3 of the Dungeon.
             The game lasted 00:21:07 (4054 turns).

Flugkiller the Destroyer (MeIE)                     Turns: 4054, Time: 00:21:08

Health: 89/89      AC:  6    Str: 16    XL:     11   Next: 16%
Magic:  24/24      EV: 12    Int: 28    God:    Nemelex Xobeh [*.....]
Gold:   249        SH:  0    Dex: 15    Spells: 16/27 levels left

rFire   . . .      SeeInvis .    e - staff of air
rCold   . . .      Faith    .    (no shield)
rNeg    . . .      Spirit   .    i - +0 leather armour of the Cartwright {rCorr Int+7 Stlth-}
rPois   .          Reflect  .    y - +0 helmet
rElec   +          Harm     .    C - +1 cloak
rCorr   +          Rampage  .    (no gloves)
Will    ++...                    (no boots)
Stlth   +.........               (no amulet)
HPRegen 0.24/turn                m - ring of willpower
MPRegen 0.19/turn                j - ring of Wutorr {Wiz Str+6}

@: glowing
A: sense surroundings 2, otherworldly, glowing, explore regen
a: Renounce Religion, Draw Escape, Draw Destruction, Draw Summoning


You were on level 3 of the Dungeon.
You worshipped Nemelex Xobeh.
Nemelex Xobeh was aware of your devotion.
You visited 2 branches of the dungeon, and saw 10 of its levels.
You also visited: Sewer and Ossuary.

You collected 249 gold pieces.

Inventory:

Hand Weapons
 d - a +1 vampiric long sword
   (You found it on level 6 of the Dungeon)
 p - a +5 battleaxe
   (You took it off a wight on level 7 of the Dungeon)
 r - the +7 mace of Nonn {holy, Will+ Str+2 Int-3}
   (You took it off an orc on level 8 of the Dungeon)

   It has been blessed by the Shining One to cause great damage to the undead
   and demons.
   Str:       It affects your strength (+2).
   Int:       It affects your intelligence (-3).
   Will:      It increases your willpower.
 u - the +3 mace "Soinail" {spect, Will+ Str+2}
   (You found it on level 8 of the Dungeon)

   When its wielder attacks, the weapon's spirit leaps out and strikes again.
   The spirit shares a part of any damage it takes with its wielder.
   Str:       It affects your strength (+2).
   Will:      It increases your willpower.
Missiles
 D - a throwing net
Armour
 a - a +0 robe
 i - the +0 leather armour of the Cartwright (worn) {rCorr Int+7 Stlth-}
   (You found it on level 5 of the Dungeon)

   Int:       It affects your intelligence (+7).
   rCorr:     It protects you from acid and corrosion.
   Stlth:     It makes you less stealthy.
 y - a +0 helmet (worn)
   (You found it on level 9 of the Dungeon)
 C - a +1 cloak (worn)
   (You took it off Maurice on level 9 of the Dungeon)
Magical Staves
 e - a staff of air (weapon)
   (You found it on level 3 of the Dungeon)
Jewellery
 b - an amulet of guardian spirit
   (You found it on level 7 of the Dungeon)
 f - a ring of fire
   (You found it on level 3 of the Dungeon)
 j - the ring of Wutorr (right hand) {Wiz Str+6}
   (You found it on level 4 of the Dungeon)

   [ring of wizardry]

   It improves your spell success rate.
   Str:       It affects your strength (+6).
 m - a ring of willpower (left hand)
   (You found it on level 3 of the Dungeon)
 F - a ring of wizardry
   (You took it off a hobgoblin on level 2 of the Dungeon)
Wands
 o - a wand of roots (5)
   (You took it off a wight on level 7 of the Dungeon)
 v - a wand of paralysis (11)
   (You took it off an orc wizard on level 8 of the Dungeon)
 B - a wand of acid (2)
   (You took it off Maurice on level 9 of the Dungeon)
Scrolls
 g - a scroll of fear
 t - 2 scrolls of teleportation
 w - a scroll of vulnerability
 x - a scroll of magic mapping
 z - 3 scrolls of blinking
 E - a scroll of enchant armour {unknown}
 G - a scroll of brand weapon {unknown}
Potions
 c - 2 potions of might {unknown}
 h - a potion of ambrosia
 k - a potion of cancellation
 l - a potion of lignification {unknown}
 n - a potion of heal wounds {unknown}
 q - a potion of curing
 s - a potion of berserk rage {unknown}
 A - a potion of brilliance


   Skills:
 - Level 6.0 Fighting
 - Level 2.4 Dodging
 - Level 1.4 Stealth
 + Level 8.8 Spellcasting
 - Level 9.2 Conjurations
 - Level 6.0 Ice Magic
 - Level 9.1 Air Magic
 - Level 6.0 Evocations


You had 16 spell levels left.
You knew the following spells:

 Your Spells              Type           Power      Damage    Failure   Level
a - Freeze                Ice            100%       1d11      1%          1
b - Frozen Ramparts       Ice            92%        1d14      1%          3
c - Arcjolt               Conj/Air       38%        1d48      1%          5
d - Static Discharge      Conj/Air       100%       2-7/arc   1%          2

Your spell library contained the following spells:

 Spells                   Type           Power      Damage    Failure   Level
 Ozocubu's Armour         Ice            46%        N/A       1%          3
 Hailstorm                Conj/Ice       53%        3d12      1%          4
 Lightning Bolt           Conj/Air       38%        1d57      1%          5
 Gell's Gravitas          Tloc           12%        N/A       7%          3
 Teleport Other           Tloc           12%        N/A       7%          3
 Dispersal                Tloc           6%         N/A       96%         6
 Maxwell's Capacitive Co  Air            38%        ∞         96%         8


Dungeon Overview and Level Annotations

Branches:
Dungeon (9/15) Zot: 1561   Temple (1/1) D:7 Zot: 505   Sewer (visited)
Ossuary (visited)
   Lair: D:8-11         Orc: D:9-12

Altars:
Ashenzari
Cheibriados
Dithmenos
Elyvilon
Fedhas
Gozag
Hepliaklqana
Makhleb
Nemelex Xobeh
Okawaru
Qazlal
Ru
Sif Muna
Trog
Vehumet
Wu Jian
Xom
Yredelemnul
Zin
The Shining One

Shops:
D:3 !   D:9 [

Annotations:
D:7 1 runed translucent door


Innate Abilities, Weirdness & Mutations

You passively map the area around you.
You are easily found by Zot.
You glow in the dark.
You regain HP and MP as you explore.


Message History

The hobgoblin shouts!
The hobgoblin barely misses you.
Casting: Freeze (safe; 1% risk of failure)
Confirm with . or Enter, or press ? or * to list all spells.
Aiming: Freeze (safe; 1% risk of failure)
Press: ? - help, Shift-Dir - straight line, f - hobgoblin
Aim: a hobgoblin, wearing a ring of wizardry You freeze the hobgoblin!
You kill the hobgoblin!
F - a ring of wizardry You see here a hobgoblin corpse.
A hobgoblin comes into view.
The hobgoblin shouts!
The hobgoblin hits you but does no damage.
Casting: Freeze (safe; 1% risk of failure)
Confirm with . or Enter, or press ? or * to list all spells.
Aiming: Freeze (safe; 1% risk of failure)
Press: ? - help, Shift-Dir - straight line, f - hobgoblin
Aim: a hobgoblin You freeze the hobgoblin.
The hobgoblin is almost dead.
The hobgoblin hits you but does no damage.
Casting: Freeze (safe; 1% risk of failure)
Confirm with . or Enter, or press ? or * to list all spells.
Aiming: Freeze (safe; 1% risk of failure)
Press: ? - help, Shift-Dir - straight line, f/p - hobgoblin
Aim: a hobgoblin (almost dead)
You freeze the hobgoblin.
You kill the hobgoblin!
Magic restored.
There is an escape hatch in the floor here.
You slide downwards.
The hatch slams shut behind you.
There is an open door here.
You see here a rat skeleton.
You see here a +0 dagger.
G - a scroll labelled TILALO HIARE Unknown command.
Key pressed, stopping travel.
You are now empty-handed.
e - a staff of air (weapon)
(D) Dungeon (T) Temple
Where to? (Enter - D:3 @ (x,y), ? - help)
You see here a +0 dagger.
You see here a rat skeleton.
There is an open door here.
There is an open door here.
A goblin comes into view. It is wielding a +0 dagger of speed.
The goblin shouts!
The goblin hits you but does no damage. The goblin closely misses you.
Casting: Freeze (safe; 1% risk of failure)
Confirm with . or Enter, or press ? or * to list all spells.
Aiming: Freeze (safe; 1% risk of failure)
Press: ? - help, Shift-Dir - straight line, f - goblin
Aim: a goblin, wielding a +0 dagger of speed You freeze the goblin.
The goblin is severely wounded.
The goblin hits you but does no damage.
Casting: Freeze (safe; 1% risk of failure)
Confirm with . or Enter, or press ? or * to list all spells.
Aiming: Freeze (safe; 1% risk of failure)
Press: ? - help, Shift-Dir - straight line, f/p - goblin
Aim: a goblin, wielding a +0 dagger of speed (severely wounded)
You freeze the goblin.
You kill the goblin!
There is an escape hatch in the ceiling here.
Things that are here:
a +0 dagger of speed; a goblin corpse You open the door.
A giant cockroach comes into view.
The giant cockroach moves out of view.
There is an open door here.
The giant cockroach bites you but does no damage.
The giant cockroach attacks as you move away!
The giant cockroach misses you.
The giant cockroach bites you but does no damage.
Casting: Freeze (safe; 1% risk of failure)
Confirm with . or Enter, or press ? or * to list all spells.
Aiming: Freeze (safe; 1% risk of failure)
Press: ? - help, Shift-Dir - straight line, f - giant cockroach
Aim: a giant cockroach You freeze the giant cockroach.
You kill the giant cockroach!
Casting: Freeze (safe; 1% risk of failure)
Confirm with . or Enter, or press ? or * to list all spells.
You can't see any susceptible monsters within range! (Use Z to cast anyway.) Unknown command.
There is an open door here.
There is an escape hatch in the ceiling here.
Things that are here:
a +0 dagger of speed; a goblin corpse
There is an open door here.
You see here a +0 dagger.
There is a faded altar of an unknown god here.
This altar belongs to (a) Sif Muna, (b) Uskayaw or (c) Nemelex Xobeh, but you can't tell which.
Press the corresponding letter to learn more about a god, or press enter to convert or escape to cancel.
Nemelex Xobeh accepts your prayer! Nemelex Xobeh welcomes you!
You can now draw from decks of power.
Nemelex will now gift you decks of power as you gain piety.
Okay, then.
Are you sure you want to abandon this character and quit the game? (Confirm with "yes".)

#.#.# * , ,
#######'#.##################,*
#...........#.....<.#......#.#
#...........#.#####....8...#.#
#...........#..## #...8.8....#
#######+#'###...###..8...8...
##### #.##.......#8..∩..8#
##** ##...#*
#.##.....8...8...8.#... ##...#
#.##....@..#..8.8...###
##...##
#.##...).8.#...8.......,
##....#
#.##.......#..#.######*
##....#,#.##......###.#.#
##....# #.##......#
#.#.######### ##....#
#.##......# #.#.........#
#....# #.##......#
#.#########.# #....#
#..)..#+### #.#########.#
##'#.#,#.......# #...........#


There were no monsters in sight!

Vanquished Creatures
  2 two-headed ogres (D:9)
  Maurice (D:9)
  A kobold demonologist (D:9)
  2 wyverns
  2 steam dragons
  Menkaure (D:4)
  An acid dragon (D:9)
  2 water moccasins
  2 ice beasts
  A black bear (D:6)
  3 ogres
  A phantom (D:5)
  2 kobold brigands
  2 bullfrogs
  A necrophage (D:5)
  A scorpion (D:6)
  10 wights
  8 killer bees
  5 howler monkeys
  A centaur zombie (Ossuary)
  2 hounds
  A gnoll bouda (D:6)
  2 orc priests
  2 iguanas
  3 orc wizards
  A hell rat (Sewer)
  3 gnolls (D:6)
  2 adders
  A river rat (Sewer)
  A white imp (D:6)
  3 ufetubi (D:5)
  An adder zombie (Ossuary)
  2 worms
  5 dart slugs
  28 orcs
  An endoplasm (D:4)
  2 giant cockroaches
  4 goblins
  4 hobgoblins
  8 jackals
  9 kobolds
  7 quokkas
  6 ball pythons
  A ball python skeleton (Ossuary)
  4 bats
  A frilled lizard (D:3)
  A hobgoblin skeleton (Ossuary)
  2 hobgoblin zombies (Ossuary)
  16 rats
172 creatures vanquished.

Notes
Turn   | Place    | Note
-------+----------+-------------------------------------------
     0 | D:1      | Flugkiller the Meteoran Ice Elementalist began the quest
                  | for the Orb.
     0 | D:1      | Reached XP level 1. HP: 14/14 MP: 5/5
    72 | D:2      | Reached XP level 2. HP: 19/20 MP: 2/7
   149 | D:2      | Reached XP level 3. HP: 23/26 MP: 6/8
   222 | D:3      | Reached skill level 5 in Ice Magic
   265 | D:2      | Learned a level 3 spell: Frozen Ramparts
   380 | D:3      | Reached XP level 4. HP: 18/33 MP: 4/11
   525 | D:3      | Found an iron altar of Okawaru.
   719 | D:4      | Reached XP level 5. HP: 34/38 MP: 10/12
   736 | D:5      | Entered Level 5 of the Dungeon
   770 | D:5      | Identified the +0 leather armour of the Cartwright {rCorr
                  | Int+7 Stlth-}
   834 | D:4      | Reached skill level 5 in Spellcasting
   834 | D:4      | Reached XP level 6. HP: 34/45 MP: 6/14
   853 | D:4      | Found a blossoming altar of Fedhas.
   880 | D:4      | Found a shadowy altar of Dithmenos.
   933 | D:4      | Learned a level 5 spell: Arcjolt
   938 | D:4      | Found a sand-covered staircase.
   949 | D:4      | Identified the ring of Wutorr {Wiz Str+6}
   955 | D:4      | Learned a level 2 spell: Static Discharge
   962 | Ossuary  | Entered an ossuary
  1018 | Ossuary  | Reached skill level 1 in Conjurations
  1018 | Ossuary  | Reached skill level 1 in Air Magic
  1167 | D:5      | Reached skill level 1 in Fighting
  1224 | D:5      | Reached XP level 7. HP: 53/53 MP: 10/15
  1289 | D:5      | Found a sparkling altar of Nemelex Xobeh.
  1362 | D:5      | Found a shimmering altar of Xom.
  1364 | D:5      | Found a hazy altar of Hepliaklqana.
  1365 | D:5      | Noticed a spectral ugly thing
  1478 | D:6      | Reached XP level 8. HP: 45/63 MP: 11/16
  1554 | D:6      | Found an opulent altar of Gozag.
  1579 | D:6      | Reached skill level 5 in Conjurations
  1666 | D:6      | Reached skill level 5 in Air Magic
  1737 | D:6      | Found a glowing drain.
  1744 | Sewer    | Entered a sewer
  1845 | D:6      | Noticed a steam dragon
  1852 | D:6      | Killed a steam dragon
  1853 | D:6      | Gained mutation: You passively map the area around you.
                  | [Meteoran growth]
  1853 | D:6      | Reached XP level 9. HP: 46/71 MP: 9/17
  1925 | D:7      | Found a runed translucent door.
  1928 | D:7      | Found a burning altar of Makhleb.
  1928 | D:7      | Noticed a sixfirhy
  2054 | D:7      | Reached XP level 10. HP: 32/77 MP: 8/18
  2204 | D:7      | Found a staircase to the Ecumenical Temple.
  2218 | Temple   | Entered the Ecumenical Temple
  2386 | D:7      | Found a faded altar of an unknown god.
  2503 | D:8      | Identified the +7 mace of Nonn {holy, Will+ Str+2 Int-3}
  2544 | D:8      | Found an ornate altar of the Wu Jian Council.
  2585 | D:8      | Found a glowing golden altar of the Shining One.
  2588 | D:8      | Found a basalt altar of Yredelemnul.
  2590 | D:8      | Identified the +3 mace "Soinail" {spect, Will+ Str+2}
  2590 | D:8      | Noticed a profane servitor
  2745 | D:9      | Reached skill level 1 in Evocations
  2781 | D:9      | Noticed a kobold demonologist
  2785 | D:9      | Killed a kobold demonologist
  2786 | D:9      | Reached skill level 5 in Fighting
  2793 | D:9      | Found a snail-covered altar of Cheibriados.
  2793 | D:9      | Found Cheibriados's Comfort Zone.
  2949 | D:9      | Noticed a two-headed ogre
  2955 | D:9      | Killed a two-headed ogre
  2967 | D:9      | Found a glowing silver altar of Zin.
  3053 | D:9      | Noticed a two-headed ogre
  3057 | D:9      | Killed a two-headed ogre
  3058 | D:9      | Reached skill level 5 in Evocations
  3058 | D:9      | Reached XP level 11. HP: 89/89 MP: 8/23
  3077 | D:9      | Found a bloodstained altar of Trog.
  3077 | D:9      | Noticed Maurice
  3082 | D:9      | Killed Maurice
  3326 | D:4      | Noticed Menkaure
  3330 | D:4      | Killed Menkaure
  3562 | D:3      | Found a faded altar of an unknown god.
  3576 | D:3      | Found Valliuf's Distillery.
  4053 | D:3      | Prayed at the altar of an unknown god.
  4053 | D:3      | Became a worshipper of Nemelex Xobeh the Trickster
  4053 | D:3      | Reached * piety under Nemelex Xobeh
  4054 | D:3      | Quit the game

Illustrated notes

Levels and vault maps discovered:
D:1:      nzn_arrival_crosshair, layout_basic, hex_medium
D:2:      layout_loops_cross
D:3:      layout_basic, overflow_temple_1_default,
          chequers_temple_overflow_statue_of_worship, serial_shops,
          nicolae_diamond_shop, dreamdust_ecumenical_altar_statues,
          nicolae_concentric_dashed_squares_mild
D:4:      layout_loops_ring, mainiacjoe_overflow_two_lobes,
          nicolae_ossuary_entry_monument, minmay_misc_feat_square, uniq_menkaure
D:5:      layout_basic, regret_index_temple_of_mockery,
          nemelex_xobeh_ov_fountains_minmay
D:6:      layout_basic, kennysheep_little_box, gup_sewer_entry_bubbles
D:7:      layout_cave_pods, nzn_makhleb_speed_demon,
          minmay_temple_entry_glassed_door, serial_column_ruins,
          column_ruins_hut_ruined, column_ruins_temple_hut, column_ruins_grid_2,
          column_ruins_open_tiny, column_ruins_open_large,
          column_ruins_corridor_water, column_ruins_open_large,
          column_ruins_columns_corner
D:8:      layout_basic, grunt_temple_overflow_holy_war,
          mainiacjoe_overflow_alcove_1
D:9:      layout_roguey, zin_treasury, lightli_temple_of_fire,
          hangedman_abyss_or_decor_lesser_grid, st_stairs_12, minmay_shop_chei,
          uniq_maurice, uniq_grum
Temple:   hellmonk_temple_beads

Skill      XL: |  1  2  3  4  5  6  7  8  9 10 11 |
---------------+----------------------------------+-----
Spellcasting   | 3 4 5 7 8 |  8.8
Ice Magic      | 5 6 |  6.0
Conjurations   | 2 3 6 8 9 |  9.2
Air Magic      | 2 3 6 8 9 |  9.1
Fighting       | 1 3 4 6 |  6.0
Evocations     | 5 6 |  6.0
Dodging        | |  2.4
Stealth        | |  1.4

Action                   |  1- 3 |  4- 6 |  7- 9 | 10-12 || total
-------------------------+-------+-------+-------+-------++-------
Melee: Unarmed           |    13 |       |       |       ||    13
       Staff             |       |    11 |    14 |     4 ||    29
 Cast: Freeze            |    29 |    29 |    26 |    31 ||   115
       Frozen Ramparts   |     1 |     2 |    21 |     8 ||    32
       Static Discharge  |       |    22 |    15 |       ||    37
       Arcjolt           |       |       |    11 |    27 ||    38
Evoke: Wand              |       |       |       |     1 ||     1
  Use: Potion            |     1 |     3 |     1 |       ||     5
       Scroll            |       |     4 |     5 |     3 ||    12
Armor: Robe              |     7 |     7 |       |       ||    14
       Leather armour    |       |    23 |    11 |    20 ||    54
Dodge: Dodged            |    16 |    51 |    38 |    32 ||   137

Table legend: (Time is in decaauts)
 A = Elapsed time spent in this place.
 B = Non-inter-level travel time spent in this place.
 C = Inter-level travel time spent in this place.
 D = Time resting spent in this place.
 E = Time spent auto-exploring this place.
 F = Levels seen in this place.
 G = Mean time per level.
                   A        B        C        D        E       F      G
               +--------+--------+--------+--------+--------+-----+--------+
         Total |   4103 |   3224 |    879 |    109 |      0 |  12 |  341.9 |
       Dungeon |   3838 |   2970 |    868 |    109 |      0 |   9 |  426.4 |
        Temple |     94 |     83 |     11 |      0 |      0 |   1 |   94.0 |
         Sewer |     81 |     81 |      0 |      0 |      0 |   1 |   81.0 |
       Ossuary |     88 |     88 |      0 |      0 |      0 |   1 |   88.0 |
               +--------+--------+--------+--------+--------+-----+--------+

Top non-repeatable levels by time:
     D:3: 761 daAuts
     D:9: 541 daAuts
     D:7: 496 daAuts
     D:6: 433 daAuts
     D:2: 432 daAuts
     D:4: 427 daAuts
     D:5: 400 daAuts
     D:8: 292 daAuts
  Temple: 94 daAuts
 Ossuary: 88 daAuts
   Sewer: 81 daAuts
     D:1: 52 daAuts
